Map: 나이트쉐이드 - 래더

Players

Zoun - Winner!

  • Race: Protoss Protoss
  • Spawn Location: 11:00

Super

  • Race: Protoss Protoss
  • Spawn Location: 5:00

Event: IEM Katowice 2020

VOD

Have the link to the VOD?

Description

Time

  • Played on: Feb. 24, 2020, 5 a.m.
  • Length: 8:23

All games in this series

Show
View Real Time Build Order
Export as new Build Order

Zoun Protoss - Winner!

Build Orders: Oracle Opening, Zealot Archon 

Get SALT Encoding   

  12  0:00  Probe  
  13  0:12  Probe  
  14  0:17  Pylon  
  14  0:24  Probe (Chrono Boost)  
  16  0:37  Probe (Chrono Boost)  
  16  0:38  Gateway  
  16  0:42  Probe (Chrono Boost)  
  16  0:45  Assimilator  
  17  0:51  Probe  
  17  0:53  Assimilator  
  18  1:03  Probe (Chrono Boost)  
  19  1:08  Gateway  
  19  1:13  Probe (Chrono Boost)  
  19  1:18  Probe (Chrono Boost)  
  20  1:25  Cybernetics Core  
  21  1:29  Probe  
  22  1:38  Pylon  
  22  1:42  Probe  
  23  1:56  Probe  
  24  2:01  Stargate  
  24  2:03  Warp Gate  
  24  2:04  Adept  
  26  2:08  Adept  
  28  2:16  Pylon  
  28  2:19  Probe  
  29  2:31  Probe  
  29  2:39  Stalker  
  29  2:41  Oracle (Chrono Boost)  
  34  2:57  Pylon  
  34  3:01  Stalker  
  36  3:18  Nexus  
  36  3:29  Robotics Facility  
  36  3:33  Probe  
  37  3:44  Oracle  
  37  3:46  Probe  
  39  4:05  Probe  
  40  4:12  Sentry  
  40  4:13  Stalker  
  44  4:25  Probe  
  44  4:29  Immortal (Chrono Boost)  
  49  4:32  Probe  
  49  4:33  Pylon  
  49  4:37  Probe  
  51  4:44  Probe  
  52  4:49  Probe (Chrono Boost)  
  53  4:56  Probe (Chrono Boost), Forge  
  53  4:59  Twilight Council  
  54  5:02  Probe (Chrono Boost)  
  54  5:03  Observer  
  57  5:08  Probe (Chrono Boost)  
  57  5:10  Probe (Chrono Boost)  
  57  5:13  Probe (Chrono Boost)  
  58  5:14  Gateway  
  58  5:16  Probe  
  58  5:17  Pylon  
  58  5:20  Protoss Ground Weapons Level 1  
  58  5:21  Assimilator  
  60  5:23  Probe, Assimilator  
  60  5:28  Probe  
  62  5:35  Probe, Pylon  
  63  5:37  Charge  
  63  5:41  Warp Prism  
  65  5:47  Probe  
  66  5:52  Pylon  
  66  6:08  Gateway  
  66  6:10  Gateway  
  66  6:11  Templar Archives  
  66  6:15  Probe, Gateway  
  66  6:16  Probe, Gateway  
  68  6:22  Gateway  
  68  6:28  Sentry  
  68  6:30  Probe x2  
  72  6:34  Adept x2  
  72  6:39  Immortal (Chrono Boost)  
  80  6:47  Pylon  
  80  6:55  Pylon, High Templar x2  
  84  7:08  Immortal (Chrono Boost)  
  84  7:10  Archon  
  84  7:15  Nexus  
  88  7:19  Pylon  
  88  7:20  Shield Battery  
  88  7:32  High Templar x2, Zealot x2  
  88  7:33  Zealot  
  88  7:35  Zealot  
  88  7:36  Archon  
  100  7:45  Probe x2  
  102  7:56  Zealot x5  
  112  8:12  Zealot x3  
  106  8:18  Zealot x2  
Show
View Real Time Build Order
Export as new Build Order

Super Protoss 

Build Orders: Zealot Archon 

Get SALT Encoding   

  12  0:00  Probe  
  13  0:12  Probe  
  14  0:17  Pylon  
  14  0:25  Probe  
  15  0:36  Gateway  
  15  0:37  Probe (Chrono Boost)  
  16  0:46  Probe (Chrono Boost)  
  16  0:47  Assimilator  
  17  0:51  Probe (Chrono Boost)  
  17  0:54  Assimilator  
  18  1:03  Probe (Chrono Boost)  
  19  1:07  Gateway  
  19  1:13  Probe (Chrono Boost)  
  20  1:18  Probe (Chrono Boost)  
  20  1:24  Cybernetics Core  
  21  1:29  Probe  
  22  1:34  Pylon  
  22  1:41  Probe  
  24  1:58  Warp Gate (Chrono Boost)  
  24  2:01  Stalker x2  
  25  2:03  Probe  
  25  2:08  Pylon  
  28  2:32  Sentry x2  
  32  2:43  Nexus  
  32  2:52  Robotics Facility  
  32  2:58  Shield Battery  
  31  3:04  Shield Battery  
  31  3:12  Probe  
  32  3:24  Probe  
  32  3:36  Probe  
  32  3:40  Sentry, Stalker  
  37  3:42  Observer  
  37  3:47  Shield Battery  
  38  3:49  Probe  
  37  4:00  Phoenix  
  37  4:01  Probe  
  38  4:05  Probe (Chrono Boost)  
  38  4:08  Sentry  
  41  4:13  Probe (Chrono Boost)  
  43  4:17  Probe (Chrono Boost)  
  43  4:22  Forge  
  43  4:23  Probe (Chrono Boost)  
  44  4:25  Probe (Chrono Boost)  
  44  4:28  Probe (Chrono Boost)  
  44  4:29  Stalker  
  48  4:32  Probe, Stalker  
  51  4:39  Probe  
  50  4:46  Probe  
  50  4:51  Probe  
  52  4:54  Protoss Ground Weapons Level 1  
  52  4:57  Pylon  
  52  4:59  Pylon  
  52  5:00  Probe  
  52  5:03  Probe  
  52  5:06  Assimilator  
  54  5:08  Assimilator  
  54  5:11  Pylon  
  54  5:15  Probe x2 (Chrono Boost)  
  54  5:18  Immortal (Chrono Boost)  
  60  5:25  Probe x2 (Chrono Boost)  
  60  5:27  Stalker  
  64  5:30  Probe x2 (Chrono Boost)  
  66  5:39  Twilight Council  
  66  5:44  Probe x2  
  66  5:46  Stalker  
  70  5:50  Immortal (Chrono Boost)  
  74  6:05  Gateway  
  74  6:07  Gateway  
  74  6:09  Shield Battery  
  74  6:18  Charge (Chrono Boost), Stalker x2  
  78  6:36  Gateway  
  78  6:37  Gateway  
  78  6:38  Templar Archives  
  78  6:39  Pylon  
  78  6:42  Pylon  
  78  7:01  Pylon, Immortal (Chrono Boost)  
  82  7:05  Stalker x3  
  82  7:08  Probe x2  
  87  7:20  Probe x2, Observer  
  89  7:27  Nexus  
  89  7:33  Pylon  
  89  7:36  Warp Prism (Chrono Boost)  
  91  7:45  High Templar x2  
  91  7:48  Photon Cannon  
  91  7:49  Archon  
  95  7:52  Photon Cannon  
  95  7:56  High Templar x2  
  99  8:08  Pylon, Zealot x2  
  99  8:10  Archon  

Tags
 
Add a new tag
Caveats
  • Supply blocks, unpowered buildings, or Contaminate may cause inaccurate times.
  • Supply counts are checked every 10 seconds.